Map: Blackpink LE

Players

Juxtapose - Winner!

  • Race: Zerg Zerg
  • League: Platinum
  • Spawn Location: 7:00

UnoOchoSiete

  • Race: Terran Terran
  • League: Platinum
  • Spawn Location: 1:00

VOD

https://youtu.be/RHKmQL6nWrw

Description

I did it, I finally broke into Platinum League, and as a Random player with a win percentage just under 60%. I'm extremely pleased with myself, and I'm now a full League above what I originally thought would be my peak.

This match is an interesting one, and based on the timing, I think my opponent disconnected on me. What's the point of disconnecting in this game though, as I still got both my MMR increase and Division Points? Perhaps someone can let me know in the comments below.

Time

  • Played on: Jan. 2, 2018, 6:47 p.m.
  • Length: 6:19
Show
View Real Time Build Order
Export as new Build Order

Juxtapose Zerg - Winner!

Build Orders: Hatch First 

Get SALT Encoding   

  12  0:01  Drone  
  13  0:08  Drone  
  14  0:17  Overlord  
  14  0:35  Drone x2  
  16  0:53  Hatchery  
  16  0:54  Drone  
  16  1:02  Extractor  
  16  1:03  Drone  
  16  1:05  Overlord  
  16  1:12  Drone  
  17  1:23  Spawning Pool  
  16  1:28  Drone  
  18  1:40  Drone  
  18  1:50  Drone  
  19  1:57  Drone  
  21  2:08  Drone x2  
  21  2:10  Queen  
  21  2:13  Queen  
  26  2:22  Zergling x4  
  27  2:31  Overlord  
  27  2:34  Zergling x2  
  27  2:35  Zergling x2  
  29  2:39  Extractor  
  28  2:45  Drone  
  29  2:52  Drone x2  
  31  3:08  Drone x3  
  31  3:09  Roach Warren  
  33  3:19  Evolution Chamber  
  32  3:20  Drone  
  32  3:21  Drone  
  34  3:29  Drone x2  
  34  3:33  Drone  
  37  3:35  Drone  
  38  3:42  Overlord  
  38  3:47  Zerg Missile Weapons Level 1  
  38  3:51  Drone  
  39  3:59  Queen  
  41  4:03  Roach  
  41  4:05  Drone  
  41  4:07  Roach  
  46  4:16  Roach x2  
  50  4:17  Drone  
  50  4:21  Overlord  
  51  4:35  Drone  
  52  4:42  Roach  
  52  4:43  Overlord, Roach  
  52  4:44  Drone x2  
  52  4:45  Drone x2  
  60  4:50  Extractor  
  59  4:52  Extractor  
  59  4:57  Roach  
  59  4:58  Overlord  
  60  5:09  Spore Crawler  
  60  5:12  Spore Crawler  
  58  5:22  Roach x4, Drone x4  
  58  5:23  Drone  
  71  5:32  Overlord  
  71  5:44  Roach x2  
  71  5:46  Overlord  
Show
View Real Time Build Order
Export as new Build Order

UnoOchoSiete Terran 

Build Orders:  

Get SALT Encoding   

  12  0:01  SCV  
  13  0:14  SCV  
  14  0:18  Supply Depot  
  14  0:26  SCV  
  15  0:32  Refinery  
  15  0:39  SCV  
  16  0:45  Barracks  
  16  0:52  SCV  
  17  1:04  SCV  
  18  1:16  SCV  
  19  1:32  Orbital Command  
  19  1:34  Factory  
  19  1:46  Barracks Tech Lab  
  19  1:59  SCV  
  20  2:11  Command Center  
  20  2:14  Barracks  
  21  2:22  SCV, Supply Depot  
  21  2:34  SCV  
  22  2:38  Starport  
  22  2:41  Factory Reactor  
  22  2:43  Marine  
  23  2:51  Refinery  
  23  2:59  SCV  
  23  3:02  Barracks Reactor  
  24  3:11  SCV, Marine  
  26  3:24  SCV  
  27  3:27  SCV  
  27  3:30  Factory Tech Lab  
  27  3:33  Stimpack  
  28  3:40  Marine x3  
  31  3:42  Supply Depot  
  31  3:44  Orbital Command  
  31  3:52  Medivac  
  33  3:58  Marine x3  
  36  4:08  SCV  
  37  4:14  SCV  
  37  4:16  Marine  
  39  4:17  Marine x2, Supply Depot  
  39  4:20  Medivac  
  39  4:21  SCV  
  44  4:26  SCV  
  45  4:33  SCV, Marine  
  45  4:35  Marine x2  
  50  4:38  SCV  
  50  4:45  SCV  
  51  4:46  Engineering Bay  
  51  4:47  Engineering Bay  
  51  4:48  Factory Tech Lab  
  51  4:50  SCV  
  51  4:51  Marine  
  53  4:53  Marine x2  
  53  4:56  Refinery  
  53  4:57  SCV  
  56  5:02  SCV  
  57  5:09  SCV, Marine  
  57  5:12  Supply Depot  
  57  5:13  Supply Depot  
  59  5:14  SCV  
  60  5:29  SCV x2, Supply Depot  
  60  5:32  Refinery  
  62  5:37  Marine x3  
  62  5:39  Siege Tank  
  62  5:41  Medivac, SCV  
  71  5:53  Armory, SCV x2  
  71  5:54  Marine  
  71  5:55  Marine  
  75  6:05  SCV x2  
Tags
 
Add a new tag
Caveats
  • Supply blocks, unpowered buildings, or Contaminate may cause inaccurate times.
  • Supply counts are checked every 10 seconds.